 Dungeon Crawl Stone Soup version 0.26.1-2-gb8aa6d0cf2 (webtiles) character file.

Game seed: 16950368367173432479

24875 Gadfly the Basher (level 13, -15/80 HPs)
             Began as a Gargoyle Fighter on Feb 17, 2021.
             Was a High Priest of the Shining One.
             Killed from afar by Frances (41 damage)
             ... with an iron shot
             ... on level 12 of the Dungeon.
             The game lasted 00:28:49 (14425 turns).

Gadfly the Basher (Gargoyle Fighter)               Turns: 14425, Time: 00:28:50

Health: -15/80     AC: 31    Str: 23    XL:     13   Next: 15%
Magic:  20/20      EV: 14    Int: 10    God:    the Shining One [*****.]
Gold:   1315       SH: 16    Dex: 10    Spells: 7/12 levels left

rFire    . . .     SeeInvis .   a - +3 flail (protect)
rCold    + . .     Faith    .   c - +0 kite shield
rNeg     + + +     Spirit   .   N - +1 plate armour {rC+}
rPois    ∞         Reflect  +   m - +0 helmet
rElec    +         Harm     .   y - +0 cloak {rCorr}
rCorr    +         Rampage  .   r - +0 pair of gloves
Will     ++...                  j - +1 pair of boots {run}
Stlth    ..........             E - amulet "Laujooko" {Reflect rElec Will++ SH+5}
HPRegen  0.23/turn              u - +4 ring of evasion
MPRegen  0.17/turn              z - +4 ring of evasion

@: glowing, quick
A: negative energy resistance 1, electricity resistance, unbreathing,
petrification resistance, miasma immunity, AC +9
a: Renounce Religion, Divine Shield, Cleansing Flame, Summon Divine Warrior


You were on level 12 of the Dungeon.
You worshipped the Shining One.
The Shining One was extremely pleased with you.
You visited 1 branch of the dungeon, and saw 12 of its levels.

You collected 2052 gold pieces.
You spent 737 gold pieces at shops.

Inventory:

Hand Weapons
 a - a +3 flail of protection (weapon)
 b - a +0 dagger of electrocution
 v - a +0 scimitar of flaming
 w - a +1 dagger of venom
 L - a +0 morningstar
Armour
 c - a +0 kite shield (worn)
 j - a +1 pair of boots of running (worn)
 m - a +0 helmet (worn)
 r - a +0 pair of gloves (worn)
 y - a +0 cloak of preservation (worn)
 J - +0 fire dragon scales
 N - a +1 plate armour of cold resistance (worn)
Jewellery
 e - an uncursed ring of ice
 i - an uncursed ring of ice
 s - an uncursed ring of fire
 t - the ring "Buezeyrr" {rElec rF+ rN+}
   (You took it off an orc priest on level 10 of the Dungeon)

   [ring of protection from fire]

   It protects you from fire.
   It insulates you from electricity.
   It protects you from negative energy.
 u - a +4 ring of evasion (left hand)
 z - a +4 ring of evasion (right hand)
 E - the amulet "Laujooko" (around neck) {Reflect rElec Will++ SH+5}
   (You bought it in a shop on level 10 of the Dungeon)

   [amulet of reflection]

   It shields you and reflects attacks.
   It insulates you from electricity.
   It affects your willpower, your defense against some magical effects.
   It affects your SH (+5).
Wands
 k - a wand of iceblast (7)
 x - a wand of disintegration (14) (quivered)
 C - a wand of paralysis (4)
 D - a wand of polymorph (4)
 O - a wand of acid (8)
Scrolls
 f - 10 scrolls of remove curse
 l - a scroll of fog
 o - 5 scrolls of enchant armour
 p - 6 scrolls of enchant weapon
 q - 2 scrolls of magic mapping
 F - 3 scrolls of blinking
 I - a scroll of teleportation
 K - a scroll of identify
Potions
 d - 3 potions of might
 g - a potion of haste
 h - 2 potions of heal wounds
 n - 2 potions of curing
 A - 2 potions of berserk rage
 B - a potion of lignification
 H - a potion of flight
Miscellaneous
 G - a condenser vane


   Skills:
 + Level 9.1 Fighting
 * Level 11.0 Maces & Flails
 + Level 9.1 Armour
 + Level 9.1 Shields
 + Level 10.6 Invocations
 + Level 9.0 Evocations


You had 7 spell levels left.
You knew the following spells:

 Your Spells              Type           Power        Failure   Level
a - Blink                 Tloc           N/A          100%        2
b - Conjure Flame         Conj/Fire      0%           100%        3

Your spell library contained the following spells:

 Spells                   Type           Power        Failure   Level
 Animate Skeleton         Necr           0%           100%        1
 Magic Dart               Conj           0%           100%        1
 Pain                     Necr           0%           100%        1
 Call Imp                 Summ           0%           100%        2
 Slow                     Hex            0%           100%        2
 Mephitic Cloud           Conj/Pois/Air  0%           100%        3
 Vampiric Draining        Necr           0%           100%        3
 Animate Dead             Necr           0%           100%        4
 Agony                    Necr           0%           100%        5


Dungeon Overview and Level Annotations

Branches:
Dungeon (12/15)            Temple (0/1) D:7            Lair (0/6) D:11
    Orc: D:9-12

Altars:
Ashenzari
Dithmenos
Fedhas
Gozag
Hepliaklqana
Kikubaaqudgha
Ru
Vehumet
Wu Jian
Yredelemnul
Zin
The Shining One

Shops:
D:5 (   D:9 ?   D:10 =

Annotations:
D:12 Frances


Innate Abilities, Weirdness & Mutations

You are resistant to torment.
Your stone body is resilient. (AC +9)
You are immune to poison.
You resist negative energy. (rN+)
You are resistant to electric shocks. (rElec)
You can survive without breathing.
You are immune to petrification.
You are immune to miasma.


Message History

You sock Frances!
Your weapon exudes an aura of protection.
Frances is lightly wounded.
You block Frances's attack.
Frances says, "I command an army of devils.
What do you command?"
Frances chants phrases taken from a devil's mouth.
The boulder beetle stops rolling and uncurls.
The orange demon disappears in a puff of smoke!
You block the red devil's attack. The sun demon hits you.
You are engulfed in flames!
Frances is no longer moving quickly.
Frances screams a word of power!
Frances seems to speed up.
Frances chants phrases taken from a devil's mouth.
The iron shot misses you.
Frances says, "Show me proof of your conquests, and I will call you a great adventurer."
Frances screams a word of power!
The iron shot hits you!!!
Ouch! That really hurt!
You die...

#####B###...
#.4.@4.....†
#####.####4###..
..
#.4.#@##....4..○
..
###@#.#.###...####
.. #...#.@.#####.#
# #.
#3..###.......# #
#.###.(.#
#.####### #
#...(@).# #.# #
#...))#.# #.# .
#....)#(# #.# .
#####.....#.# #.#
#.......(.#.# #.#
.###....(#.# #.#
#.....#.# #.#
#.....#.. ...
#..<(.#


You could see Frances (fast), a sun demon (summoned) and a red devil (summoned).

Vanquished Creatures
  An orc warlord (D:11)
  4 hydras
  Erica (D:8)
  A boulder beetle (D:11)
  Harold (D:8)
  A two-headed ogre (D:10)
  A tengu warrior (D:10)
  A centaur warrior (D:12)
  Nergalle (D:10)
  2 unseen horrors
  3 cyclopes
  2 ugly things
  A manticore (D:11)
  Joseph (D:8)
  The ghost of belegose the Chiller, a novice DrIE of Kikubaaqudgha (D:5)
  Psyche (D:9)
  2 gargoyles (D:11)
  Maurice (D:9)
  Maggie (D:7)
  A komodo dragon (D:11)
  A yaktaur (D:11)
  A kobold demonologist (D:11)
  A freezing wraith (D:11)
  A meliai zombie (D:11)
  A shadow (D:11)
  5 wraiths
  2 wyverns (D:10)
  A yak (D:11)
  Grum (D:10)
  A vampire mosquito (D:11)
  An acid dragon (D:11)
  An ice beast (D:7)
  2 orc warriors
  3 sky beasts
  8 ogres
  A hornet zombie (D:10)
  3 black bears
  3 phantoms
  2 necrophages
  4 wolves (D:10)
  2 eyes of draining
  13 centaurs
  3 big kobolds
  11 bullfrogs
  16 killer bees
  4 scorpions
  5 wights (D:11)
  A bullfrog zombie (D:6)
  7 hounds
  3 centaur zombies
  5 jellies
  3 centaur skeletons
  6 orc priests
  Crazy Yiuf (D:7)
  3 bullfrog skeletons
  14 orc wizards
  14 worker ants
  Ijyb (D:4)
  6 iguanas
  A hound zombie (D:11)
  A hound skeleton (D:11)
  Robin (D:3)
  A howler monkey zombie (D:11)
  3 worker ant zombies
  14 adders
  2 howler monkey skeletons
  3 shadow imps
  2 white imps
  2 ufetubi (D:9)
  An adder zombie (D:7)
  2 adder skeletons (D:4)
  3 worms
  A dart slug (D:3)
  9 leopard geckos
  54 orcs
  4 giant cockroaches
  10 goblins
  11 hobgoblins
  6 jackals
  16 kobolds
  5 quokkas
  2 bats
  2 frilled lizards
  A giant cockroach zombie (D:5)
  A leopard gecko zombie (D:5)
  3 quokka skeletons
  9 rats
359 creatures vanquished.

Vanquished Creatures (others)
  An orc (D:11)
  37 plants (D:11)
38 creatures vanquished.

Grand Total: 397 creatures vanquished

Notes
Turn   | Place    | Note
-------+----------+-------------------------------------------
     0 | D:1      | Gadfly the Gargoyle Fighter began the quest for the Orb.
     0 | D:1      | Reached XP level 1. HP: 14/14 MP: 1/1
   260 | D:1      | Reached XP level 2. HP: 19/19 MP: 2/2
   625 | D:2      | Reached skill level 1 in Invocations
   685 | D:2      | Reached XP level 3. HP: 22/23 MP: 3/3
   814 | D:2      | Reached skill level 1 in Evocations
  1163 | D:2      | Reached XP level 4. HP: 28/28 MP: 5/5
  1488 | D:2      | Found a shadowy altar of Dithmenos.
  1496 | D:2      | Found a sacrificial altar of Ru.
  1504 | D:2      | Found an ancient bone altar of Kikubaaqudgha.
  1511 | D:2      | Found a hazy altar of Hepliaklqana.
  1519 | D:2      | Found a broken altar of Ashenzari.
  1526 | D:2      | Found a basalt altar of Yredelemnul.
  1531 | D:2      | Found a glowing golden altar of the Shining One.
  1677 | D:2      | Became a worshipper of the Shining One
  1980 | D:3      | Reached skill level 3 in Maces & Flails
  1987 | D:3      | Reached XP level 5. HP: 30/33 MP: 6/6
  2016 | D:3      | Noticed Robin
  2031 | D:3      | Killed Robin
  2752 | D:3      | Found an ornate altar of the Wu Jian Council.
  2809 | D:3      | Reached XP level 6. HP: 32/38 MP: 6/8
  3217 | D:4      | Noticed Ijyb
  3231 | D:4      | Killed Ijyb
  3799 | D:4      | Reached skill level 4 in Maces & Flails
  3799 | D:4      | Reached XP level 7. HP: 19/43 MP: 9/9
  4047 | D:4      | Reached * piety under the Shining One
  4160 | D:5      | Entered Level 5 of the Dungeon
  4374 | D:5      | Reached XP level 8. HP: 32/48 MP: 11/11
  4667 | D:5      | Found a runed translucent door.
  4670 | D:5      | Noticed belegose's ghost (novice DrIE)
  4996 | D:5      | Found Seosilom's Antique Weapon Shop.
  5012 | D:5      | You fall into a shaft and drop 2 floors!
  5031 | D:6      | Reached skill level 5 in Maces & Flails
  5090 | D:6      | Reached skill level 5 in Invocations
  5193 | D:5      | Found a blossoming altar of Fedhas.
  5230 | D:5      | Reached ** piety under the Shining One
  5248 | D:5      | Reached skill level 5 in Fighting
  5248 | D:5      | Reached skill level 5 in Armour
  5484 | D:5      | Reached skill level 5 in Shields
  5880 | D:5      | Killed belegose's ghost
  5881 | D:5      | Reached XP level 9. HP: 18/54 MP: 13/13
  6537 | D:6      | Reached skill level 6 in Maces & Flails
  6690 | D:7      | Reached skill level 5 in Evocations
  6792 | D:7      | Noticed Maggie
  6815 | D:7      | Killed Maggie
  7128 | D:7      | Found a staircase to the Ecumenical Temple.
  7284 | D:7      | Found a runed translucent door.
  7285 | D:7      | Noticed Crazy Yiuf
  7310 | D:7      | Found an opulent altar of Gozag.
  7311 | D:7      | Found a glowing silver altar of Zin.
  7521 | D:7      | Killed Crazy Yiuf
  7717 | D:8      | Found a radiant altar of Vehumet.
  7732 | D:8      | Noticed Harold
  7751 | D:8      | Killed Harold
  7752 | D:8      | Reached skill level 7 in Maces & Flails
  7752 | D:8      | Reached XP level 10. HP: 51/60 MP: 15/15
  7890 | D:8      | Reached *** piety under the Shining One
  7904 | D:8      | Noticed Joseph
  7950 | D:8      | Killed Joseph
  8349 | D:8      | Noticed Erica
  8375 | D:8      | Killed Erica
  8988 | D:9      | Noticed Psyche
  9001 | D:9      | Killed Psyche
  9175 | D:9      | Found a broken altar of Ashenzari.
  9183 | D:9      | Noticed Maurice
  9252 | D:9      | Reached skill level 8 in Maces & Flails
  9283 | D:9      | Found Jijaestaeno's Magic Scroll Emporium.
  9292 | D:9      | Killed Maurice
  9293 | D:9      | Reached XP level 11. HP: 66/66 MP: 17/17
  9302 | D:9      | Bought a scroll of fear for 56 gold pieces
  9603 | D:10     | Entered Level 10 of the Dungeon
  9643 | D:10     | Found Wihoajew's Jewellery Shop.
  9757 | D:10     | Bought the amulet "Laujooko" {Reflect rElec Will++ SH+5}
                  | for 681 gold pieces
 10063 | D:10     | Found an ornate altar of the Wu Jian Council.
 10092 | D:10     | Reached **** piety under the Shining One
 10357 | D:10     | Noticed Grum
 10406 | D:10     | Killed Grum
 10675 | D:11     | Noticed a five-headed hydra
 10691 | D:10     | Killed a one-headed hydra
 11125 | D:11     | Noticed a five-headed hydra
 11128 | D:11     | Noticed an eight-headed hydra
 11128 | D:11     | Noticed Nergalle
 11158 | D:11     | Noticed a cyclops
 11158 | D:11     | Noticed an unseen horror
 11158 | D:11     | Noticed a two-headed ogre
 11191 | D:10     | Killed an unseen horror
 11203 | D:10     | Killed a cyclops
 11244 | D:11     | Noticed a purple ugly thing
 11245 | D:11     | Noticed a cyclops
 11411 | D:10     | Killed a two-headed ogre
 11412 | D:10     | Reached skill level 9 in Maces & Flails
 11732 | D:10     | Killed a purple ugly thing
 11761 | D:11     | Killed a cyclops
 11765 | D:11     | Noticed a tengu warrior
 11771 | D:11     | Identified the ring "Buezeyrr" {rElec rF+ rN+}
 11809 | D:10     | Killed a tengu warrior
 12305 | D:11     | Reached XP level 12. HP: 68/73 MP: 19/19
 12306 | D:11     | Noticed an eight-headed hydra
 12495 | D:10     | Killed Nergalle
 12564 | D:11     | Killed a two-headed hydra
 12574 | D:11     | Killed a two-headed hydra
 12580 | D:11     | Reached ***** piety under the Shining One
 12834 | D:11     | Reached skill level 10 in Invocations
 12838 | D:11     | Reached skill level 10 in Maces & Flails
 12988 | D:11     | Noticed a soul eater
 13239 | D:11     | Killed a one-headed hydra
 13428 | D:11     | Noticed an orc warlord
 13452 | D:11     | Killed an orc warlord
 13457 | D:11     | Noticed a boulder beetle
 13775 | D:11     | Reached XP level 13. HP: 80/80 MP: 20/20
 13810 | D:11     | Learned a level 2 spell: Blink
 14097 | D:11     | Learned a level 3 spell: Conjure Flame
 14136 | D:11     | Found a staircase to the Lair.
 14190 | D:11     | Identified a scroll of acquirement
 14192 | D:11     | Acquired a +1 pair of boots of running
 14336 | D:12     | Reached skill level 11 in Maces & Flails
 14394 | D:12     | Noticed Frances
 14425 | D:12     | Killed from afar by Frances

Illustrated notes

Levels and vault maps discovered:
D:1:      ebering_trefoil_twist, layout_loops_ring
D:2:      layout_basic, grunt_temple_overflow_octagram
D:3:      layout_rooms, nzn_wu_jian_contemplation, gup_sewer_entry_bubbles,
          serial_co_window_serial, co_window_corner_a, co_window_corner_a,
          co_window_of_opportunity_a, co_window_paths_a, co_window_paths_a,
          co_window_corner_b, co_window_2corner, co_window_broadway_a,
          co_window_corner_ca, co_window_broadway_b, co_window_of_opportunity_b,
          glass_columns_b, glass_columns_a, glass_columns_b, glass_columns_a,
          glass_columns_a, minmay_fountain_box, uniq_robin
D:4:      layout_loops_corners, serial_glass, glass_columns_a, glass_columns_c,
          minmay_quantized, uniq_ijyb
D:5:      layout_basic, serial_shops, shop, ebering_ghost_reflecting_pool,
          fedhas_bush_and_centaur_altar
D:6:      layout_rooms
D:7:      layout_basic, grunt_temple_overflow_gold_and_silver,
          minmay_temple_entry_antechambers, ebering_dispersal_statue_hall,
          uniq_maggie, uniq_crazy_yiuf_cottage
D:8:      minmay_goldmine, layout_loops_cross, vehumet_crystals,
          kennysheep_small_circle, uniq_harold, uniq_joseph, uniq_erica
D:9:      layout_loops_cross, basic_altar, serial_shops, shop_scrolls,
          uniq_psyche, uniq_maurice
D:10:     layout_loops_ring, basic_altar, minmay_shop_enchanted_jewellery,
          uniq_grum
D:11:     minmay_the_grid_square_5x5_5x5_mashed
          [minmay_the_grid_square_5x5_inverted_slash,
          minmay_the_grid_square_5x5_shrine1,
          minmay_the_grid_square_5x5_one_wall, minmay_the_grid_square_5x5_seven,
          minmay_the_grid_square_5x5_sharp_hourglass,
          minmay_the_grid_square_5x5_meh, minmay_the_grid_square_5x5_prize_gold,
          minmay_the_grid_square_5x5_inset,
          minmay_the_grid_square_5x5_prize_pseudospiral,
          minmay_the_grid_square_5x5_detours, minmay_the_grid_square_5x5_slash,
          minmay_the_grid_square_5x5_almost_minimal,
          minmay_the_grid_square_5x5_prize_itemx,
          minmay_the_grid_square_5x5_dogpile,
          minmay_the_grid_square_5x5_inner_v, minmay_the_grid_square_5x5_spiral,
          minmay_the_grid_square_5x5_prize_monsterx,
          minmay_the_grid_square_5x5_shrine2,
          minmay_the_grid_square_5x5_prize_rear_guard,
          minmay_the_grid_square_5x5_bridge,
          minmay_the_grid_square_5x5_tri_point,
          minmay_the_grid_square_5x5_misaligned,
          minmay_the_grid_square_5x5_three,
          minmay_the_grid_square_5x5_minivault,
          minmay_the_grid_square_5x5_empty], layout_rooms, david_lair_shrubbed,
          uniq_nergalle
D:12:     layout_basic, zombieorc1_lemuel, special_room [special_room_bee],
          uniq_frances, uniq_azrael, uniq_erolcha

Skill      XL: |  1  2  3  4  5  6  7  8  9 10 11 12 13 |
---------------+----------------------------------------+-----
Invocations    | 1 2 3 4 5 7 8 9 10 | 10.6
Evocations     | 1 2 3 4 5 6 8 9 |  9.0
Maces & Flails | 3 4 5 7 8 9 10 11 | 11.0
Armour         | 4 5 6 7 8 9 |  9.1
Fighting       | 4 5 6 7 8 9 |  9.1
Shields        | 4 5 6 7 8 9 |  9.1

Action                   |  1- 3 |  4- 6 |  7- 9 | 10-12 | 13-15 || total
-------------------------+-------+-------+-------+-------+-------++-------
Melee: Flail             |   123 |    88 |    19 |   212 |    88 ||   530
       Dagger            |       |   127 |   414 |   925 |       ||  1466
       Morningstar       |       |       |       |    27 |       ||    27
       Scimitar          |       |       |       |    27 |       ||    27
Invok: Divine Shield     |       |       |       |     1 |       ||     1
Evoke: Wand              |       |       |     1 |     2 |     5 ||     8
  Use: Scroll            |     2 |     5 |     6 |     4 |     4 ||    21
       Potion            |       |       |     3 |     2 |       ||     5
Armor: Scale mail        |     5 |       |       |       |       ||     5
       Chain mail        |    45 |       |       |       |       ||    45
       Plate armour      |    28 |   107 |   251 |   584 |    21 ||   991
       Skin              |       |       |     2 |       |       ||     2
Dodge: Dodged            |    40 |    27 |    51 |   611 |    22 ||   751
Block: Kite shield       |    87 |    87 |   188 |  1075 |    53 ||  1490
       Reflection        |       |       |       |    22 |    10 ||    32
       Rpst.: Scimitar   |       |       |       |     2 |       ||     2
